 Dungeon Crawl Stone Soup version 0.31-a0-833-gc15d34cb79 (webtiles) character file.

Game seed: 14015095430178906948

69 Shayle the Trooper (level 4, -1/35 HPs)
             Began as a Demonspawn Warper on Sept 25, 2023.
             Succumbed to an orc's poison
             ... on level 4 of the Dungeon.
             The game lasted 00:03:16 (1886 turns).

Shayle the Trooper (Demonspawn Warper)              Turns: 1886, Time: 00:03:17

Health: -1/35      AC:  9    Str: 11    XL:     4   Next: 2%
Magic:  8/8        EV: 11    Int: 16    God:
Gold:   76         SH:  0    Dex: 13    Spells: 6/8 levels left

rFire   . . .        a - +0 spear
rCold   . . .        (no shield)
rNeg    . . .        b - +0 leather armour
rPois   .            (no helmet)
rElec   .            (no cloak)
rCorr   .            (no gloves)
SInv    .            (no boots)
Will    +....        (no amulet)
Stlth   ++           e - +4 ring of protection
HPRegen 0.25/turn    (no ring)
MPRegen 0.11/turn

%: no passive effects
@: mighty, brilliant, lethally poisoned (-1 -> -13), enlightened, flying
A: hooves 1, thin metallic scales 1
a: no special abilities


You were on level 4 of the Dungeon.
You visited 1 branch of the dungeon, and saw 4 of its levels.

You collected 76 gold pieces.

Inventory:

Hand Weapons
 a - a +0 spear (weapon)
Missiles
 d - 7 darts of dispersal (quivered)
 k - 5 poisoned darts
Armour
 b - a +0 leather armour (worn)
Jewellery
 e - a +4 ring of protection (left hand)
 h - a ring of see invisible
Scrolls
 f - 5 scrolls of identify {unknown}
 j - a scroll of teleportation {unknown}
 l - a scroll of fear {unknown}


   Skills:
 + Level 3.0 Fighting
 - Level 1.7 Polearms
 - Level 0.8 Throwing
 - Level 0.8 Armour
 - Level 1.7 Dodging
 + Level 1.9 Stealth
 + Level 2.7 Spellcasting
 - Level 2.6 Translocations


You had 6 spell levels left.
You knew the following spells:

 Your Spells              Type           Power      Damage    Failure   Level
a - Blink                 Tloc           32%        N/A       13%         2

Your spell library contained the following spells:

 Spells                   Type           Power      Damage    Failure   Level
 Lesser Beckoning         Tloc           32%        N/A       13%         2
 Teleport Other           Tloc           16%        N/A       26%         3
 Manifold Assault         Tloc           16%        N/A       63%         4
 Vhi's Electric Charge    Tloc/Air       18%        N/A       82%         4


Dungeon Overview and Level Annotations

Branches:
Dungeon (4/15)
 Temple: D:4-7

Altars:
Fedhas

Annotations:
D:3 Robin


Innate Abilities, Weirdness & Mutations

You have large cloven feet.
You are partially covered in thin metallic scales. (AC +2)


Message History

The orc is heavily wounded.
You feel sick.
The orc hits you with a +2 dagger of venom.
You are more poisoned.
You barely miss the orc. Your kick misses the orc.
The orc is heavily wounded.
You feel sick. The orc barely misses you.
You closely miss the orc.
The orc is heavily wounded.
You feel sick.
The orc hits you with a +2 dagger of venom.
You are more poisoned.
You barely miss the orc.
The orc is heavily wounded.
You feel very sick. The orc closely misses you.
It was a potion of brilliance.
You feel clever all of a sudden.
You feel sick. The orc hits you but does no damage.
You are lethally poisoned!
It was a potion of enlightenment.
You feel very buoyant.
You fly up into the air.
* * * LOW HITPOINT WARNING * * *
You feel very sick. The orc closely misses you.
It was a potion of might.
You feel very mighty all of a sudden.
* * * LOW HITPOINT WARNING * * *
You feel very sick. The orc hits you but does no damage.
You are more poisoned.
You aren't carrying any potions.
Blink to where?
Press: ? - help, Dir - move target
Found 6 gold pieces.
Found a blossoming altar of Fedhas.
As you read the scroll of blinking, it crumbles to dust.
* * * LOW HITPOINT WARNING * * *
You feel very sick.
You die...

#+######.....# .≈≈≈≈≈≈
.............# #.≈......
.###.........#.#.≈.≈≈≈≈≈
#.............≈.≈.$.≈
#......###..#.≈.≈.S.≈
#......# #.##.≈.≈...≈
..#######.###.##.§.≈.≈≈≈
#.[....)o........≈......
##.#..###.##.###@≈§≈≈≈≈≈
## #...............
####.####.....## #
.#.#.# .#.# # .# # .# .#


You could see an adder (asleep).

Vanquished Creatures
  An adder (D:2)
  2 worms (D:2)
  A dart slug (D:1)
  5 orcs
  An endoplasm (D:1)
  10 goblins
  5 hobgoblins
  2 jackals (D:2)
  3 kobolds (D:2)
  2 quokkas (D:1)
  6 ball pythons
  A bat (D:2)
  2 frilled lizards
  3 rats
44 creatures vanquished.

Notes
Turn   | Place    | Note
-------+----------+-------------------------------------------
     0 | D:1      | Shayle the Demonspawn Warper began the quest for the Orb.
     0 | D:1      | Reached XP level 1. HP: 16/16 MP: 3/3
   228 | D:1      | Gained mutation: You are partially covered in thin metallic
                  | scales. (AC +2) [demonic ancestry]
   228 | D:1      | Reached XP level 2. HP: 22/22 MP: 5/5
   567 | D:1      | Reached skill level 1 in Stealth
   889 | D:2      | Gained mutation: You have large cloven feet. [demonic
                  | ancestry]
   889 | D:2      | Reached XP level 3. HP: 18/28 MP: 6/6
   892 | D:2      | Learned a level 2 spell: Blink
  1292 | D:2      | Found a faded altar of an unknown god.
  1743 | D:3      | Noticed Robin
  1781 | D:3      | Reached skill level 3 in Fighting
  1874 | D:4      | Reached XP level 4. HP: 26/35 MP: 8/8
  1885 | D:4      | Found a blossoming altar of Fedhas.
  1885 | D:4      | HP: 1/35 [poisoned by an orc]
  1886 | D:4      | Succumbed to an orc's poison

Illustrated notes

Levels and vault maps discovered:
D:1:      heliophobic_arrival_dark_side_of_the_moon, layout_basic
D:2:      layout_basic, hellmonk_ecumenical_altar_defaced_shrine
D:3:      layout_loops_ring, grunt_temple_overflow_open, minmay_liquid_box,
          patterned_corridor, uniq_robin
D:4:      layout_basic, nicolae_qazlal_beasts_of_the_sky,
          mainiacjoe_overflow_brackets,
          mainiacjoe_overflow_concentric_impassable, uniq_sigmund,
          uniq_eustachio, uniq_edmund

Skill      XL: |  1  2  3 |
---------------+----------+-----
Stealth        | 1 |  1.9
Fighting       | 3 |  3.0
Polearms       | |  1.7
Throwing       | |  0.8
Armour         | |  0.8
Dodging        | |  1.7
Spellcasting   | |  2.7
Translocations | |  2.6

Action                     |  1- 3 |  4- 6 || total
---------------------------+-------+-------++-------
  Melee: Spear             |   193 |     8 ||   201
         Punch             |     2 |       ||     2
         Kick              |    20 |     1 ||    21
    Use: Potion            |       |     3 ||     3
         Scroll            |       |     1 ||     1
   Stab: Sleeping          |     2 |       ||     2
 Armour: Leather armour    |   110 |     7 ||   117
  Dodge: Dodged            |   100 |     4 ||   104

Table legend: (Time is in decaauts)
 A = Elapsed time spent in this place.
 B = Non-inter-level travel time spent in this place.
 C = Inter-level travel time spent in this place.
 D = Time resting spent in this place.
 E = Time spent auto-exploring this place.
 F = Levels seen in this place.
 G = Mean time per level.
                   A        B        C        D        E       F      G
               +--------+--------+--------+--------+--------+-----+--------+
         Total |   1888 |   1846 |     42 |     59 |   1310 |   4 |  472.0 |
       Dungeon |   1888 |   1846 |     42 |     59 |   1310 |   4 |  472.0 |
               +--------+--------+--------+--------+--------+-----+--------+

Top non-repeatable levels by time:
     D:2: 917 daAuts
     D:1: 724 daAuts
     D:3: 147 daAuts
     D:4: 98 daAuts
